 Dungeon Crawl Stone Soup version 0.31.0-4-g52a2dc7128 (webtiles) character file.

Game seed: 7108412524531711122

85 AlmostDecent the Shooter (level 4, -1/27 HPs)
             Began as a Gargoyle Hunter on Jan 22, 2024.
             Slain by a goblin
             ... wielding a +2 dagger of protection
              (3 damage)
             ... on level 3 of the Dungeon.
             The game lasted 00:05:08 (1554 turns).

AlmostDecent the Shooter (Gargoyle Hunter)          Turns: 1554, Time: 00:05:09

Health: -1/27      AC:  9    Str: 15    XL:     4   Next: 48%
Magic:  4/4        EV: 11    Int:  9    God:
Gold:   39         SH:  0    Dex: 15    Spells: 3/3 levels left

rFire   . . .        a - +0 shortbow
rCold   . . .        (shield currently unavailable)
rNeg    + . .        h - +3 leather armour
rPois   ∞            (no helmet)
rElec   +            (no cloak)
rCorr   .            (no gloves)
SInv    .            (no boots)
Will    .....        (no amulet)
Stlth   ++           (no ring)
HPRegen 0.24/turn    (no ring)
MPRegen 0.09/turn

%: no passive effects
@: no status effects
A: sickness immunity, AC +3, negative energy resistance 1, electricity
resistance, torment resistance 1, petrification resistance
a: no special abilities


You were on level 3 of the Dungeon.
You visited 1 branch of the dungeon, and saw 3 of its levels.

You collected 137 gold pieces.
You spent 98 gold pieces at shops.

Inventory:

Hand Weapons
 a - a +0 shortbow (weapon)
Armour
 c - a +0 leather armour
 h - a +3 leather armour (worn)
Jewellery
 g - a +6 ring of dexterity
 p - a ring of wizardry
Wands
 l - a wand of mindburst (7)
Scrolls
 b - 2 scrolls of butterflies
 d - a scroll of revelation {unknown}
 e - a scroll of brand weapon {unknown}
 f - a scroll of immolation {unknown}
 i - a scroll of acquirement {unknown}
 j - 2 scrolls of blinking {unknown}
 m - a scroll of vulnerability {unknown}
 o - 2 scrolls of amnesia
 s - a scroll of teleportation
Potions
 k - a potion of might
 n - a potion of resistance
 q - 2 potions of curing {unknown}
 r - a potion of enlightenment {unknown}
 t - a potion of brilliance {unknown}
 u - a potion of mutation {unknown}


   Skills:
 + Level 2.4 Fighting
 * Level 5.6 Ranged Weapons
 + Level 0.1 Armour
 + Level 1.6 Dodging
 + Level 1.2 Stealth


You had 3 spell levels left.
You didn't know any spells.
Your spell library was empty.

Dungeon Overview and Level Annotations

Branches:
Dungeon (3/15)

Altars:

Shops:
D:2 *


Innate Abilities, Weirdness & Mutations

You are immune to sickness and miasma.
Your stone body is resilient. (AC +3)
You are immune to poison.
You resist negative energy. (rN+)
You are resistant to electric shocks. (rElec)
You are resistant to unholy torment.
You are immune to petrification.


Message History

You are too injured to fight recklessly!
Fire: a) +0 shortbow
Press: ? - help, Q - select action, (/) - cycle Shift-Dir - straight line, f/p - black bear
Aim: a black bear (heavily wounded, 69% to hit)
You shoot an arrow. The arrow hits the black bear.
The black bear is heavily wounded.
The goblin hits you but does no damage. The hobgoblin barely misses you.
The black bear bites you.
* * * LOW HITPOINT WARNING * * *
The black bear claws you.
* * * LOW HITPOINT WARNING * * *
The black bear barely misses you.
Fire: a) +0 shortbow
Press: ? - help, Q - select action, (/) - cycle Shift-Dir - straight line, f/p - black bear
Aim: a black bear (heavily wounded, 69% to hit)
You shoot an arrow. The arrow hits the black bear.
The black bear is severely wounded.
The goblin hits you but does no damage. The hobgoblin barely misses you.
The black bear barely misses you. The black bear closely misses you. x2
The black bear bites you but does no damage.
The black bear claws you but does no damage.
The black bear claws you.
* * * LOW HITPOINT WARNING * * *
The goblin closely misses you. The hobgoblin barely misses you.
Fire: a) +0 shortbow
Press: ? - help, Q - select action, (/) - cycle Shift-Dir - straight line, f/p - black bear
Aim: a black bear (severely wounded, 69% to hit)
You shoot an arrow.
The arrow closely misses the black bear.
The goblin hits you but does no damage. The hobgoblin closely misses you.
The black bear closely misses you. The black bear claws you.
* * * LOW HITPOINT WARNING * * *
The black bear closely misses you.
Fire: a) +0 shortbow
Press: ? - help, Q - select action, (/) - cycle Shift-Dir - straight line, f/p - black bear
Aim: a black bear (severely wounded, 69% to hit)
You shoot an arrow. The arrow hits the black bear!
The black bear is almost dead.
The goblin hits you with a +2 dagger of protection.
You die...

.#..#.... #.#...#..
##### ...#.....
####.... ##......#
##....### .....#..#
##..###... #.....#
##..####... #..#.gg###
##..###.....
.#..h@..###..## #.####
..............#####
#.#...#....#####..
####.......###.#
#............#######
...#######..........#
#.#. ##..........
[....######.....†....#
. ..................#


You could see a black bear, a hobgoblin and a goblin.

Vanquished Creatures
  3 adders
  2 dart slugs (D:1)
  6 endoplasms
  4 giant cockroaches
  6 hobgoblins
  2 jackals (D:2)
  6 ball pythons
  4 bats
  6 frilled lizards
  4 goblins (D:2)
  4 kobolds
  5 rats
52 creatures vanquished.

Notes
Turn   | Place    | Note
-------+----------+-------------------------------------------
     0 | D:1      | AlmostDecent the Gargoyle Hunter began the quest for the
                  | Orb.
     0 | D:1      | Reached XP level 1. HP: 12/12 MP: 1/1
   359 | D:1      | Reached XP level 2. HP: 18/18 MP: 2/2
   726 | D:1      | Reached XP level 3. HP: 22/22 MP: 3/3
  1073 | D:2      | Reached skill level 5 in Ranged Weapons
  1217 | D:2      | Found Miramm's General Store.
  1223 | D:2      | Bought a scroll of identify for 28 gold pieces
  1223 | D:2      | Bought a scroll of teleportation for 42 gold pieces
  1223 | D:2      | Bought a scroll of identify for 28 gold pieces
  1289 | D:2      | Reached XP level 4. HP: 27/27 MP: 4/4
  1539 | D:3      | Noticed a black bear
  1553 | D:3      | HP: 1/27 [black bear (4)]
  1554 | D:3      | Slain by a goblin

Illustrated notes

Levels and vault maps discovered:
D:1:      dpeg_arrival_houses_and_road, layout_basic, minmay_pentomino_r2
D:2:      layout_basic, serial_shops, shop, grunt_ministairs_13
D:3:      minmay_diamond_boxcup, layout_rooms, serial_shops,
          nicolae_shop_bloodbath_and_beyond, solitary_fountain,
          minmay_increasing_density, uniq_robin

Skill      XL: |  1  2  3 |
---------------+----------+-----
Ranged Weapons | 5 |  5.6
Fighting       | |  2.4
Armour         | |  0.1
Dodging        | |  1.6
Stealth        | |  1.2

Action                     |  1- 3 |  4- 6 || total
---------------------------+-------+-------++-------
   Fire: Shortbow          |   110 |    56 ||   166
    Use: Scroll            |     3 |       ||     3
 Armour: Leather armour    |    30 |    50 ||    80
  Dodge: Dodged            |    22 |    43 ||    65
